 Dungeon Crawl Stone Soup version 0.28.0-53-g5a82cb258f (webtiles) character file.

Game seed: 2104030347948389344

1057 Zeld the Thaumaturge (level 8, -3/41 HPs)
             Began as a Deep Elf Fire Elementalist on May 25, 2022.
             Slain by a scorpion (9 damage)
             ... on level 5 of the Dungeon.
             The game lasted 00:03:40 (4387 turns).

Zeld the Thaumaturge (Deep Elf Fire Elementalist)   Turns: 4387, Time: 00:03:41

Health: -3/41      AC:  2    Str:  5    XL:     8   Next: 6%
Magic:  10/22      EV: 12    Int: 26    God:
Gold:   130        SH:  0    Dex: 15    Spells: 13/23 levels left

rFire   . . .      SeeInvis .   a - +5 falchion "Impslayer" {flame, rElec Int+3}
rCold   . . .      Faith    .   (no shield)
rNeg    . . .      Spirit   .   j - +0 robe
rPois   .          Reflect  .   (no helmet)
rElec   +          Harm     .   (no cloak)
rCorr   .          Rampage  .   (no gloves)
Will    .....                   (no boots)
Stlth   ++........              (no amulet)
HPRegen 0.13/turn               (no ring)
MPRegen 0.18/turn               (no ring)

@: no status effects
A: no striking features
a: no special abilities


You were on level 5 of the Dungeon.
You visited 1 branch of the dungeon, and saw 5 of its levels.

You collected 130 gold pieces.

Inventory:

Hand Weapons
 a - the +5 falchion "Impslayer" (weapon) {flame, rElec Int+3}
   (You found it on level 5 of the Dungeon)

   It burns those it strikes, dealing additional fire damage.
   Big, fiery blades are also staple armaments of hydra-hunters.
   Int:       It affects your intelligence (+3).
   rElec:     It insulates you from electricity.
Armour
 j - a +0 robe (worn)
Jewellery
 k - a ring of protection from cold
Wands
 f - a wand of flame (17)
Scrolls
 d - 4 scrolls of fog {unknown}
 g - a scroll of holy word {unknown}
Potions
 b - a potion of degeneration {unknown}
 c - a potion of mutation {unknown}
 e - 2 potions of berserk rage {unknown}
 h - a potion of curing {unknown}
 i - a potion of heal wounds {unknown}


   Skills:
 - Level 2.4 Dodging
 - Level 2.4 Stealth
 * Level 8.3 Spellcasting
 + Level 4.5 Conjurations
 * Level 7.3 Fire Magic


You had 13 spell levels left.
You knew the following spells:

 Your Spells              Type           Power      Damage    Failure   Level
a - Foxfire               Conj/Fire      100%       2x1d9     1%          1
b - Scorch                Fire           98%        2d9       1%          2
c - Inner Flame           Hex/Fire       30%        N/A       3%          3
d - Flame Wave            Conj/Fire      41%        2d9       4%          4

Your spell library contained the following spells:

 Spells                   Type           Power      Damage    Failure   Level
 Conjure Flame            Conj/Fire      41%        6-21      1%          3
 Sting                    Tmut/Pois      40%        1d5       5%          1
 Ensorcelled Hibernation  Hex/Ice        20%        N/A       9%          2
 Passwall                 Tmut/Erth      8%         N/A       9%          2
 Call Canine Familiar     Summ           10%        N/A       16%         3
 Portal Projectile        Hex/Tloc       20%        N/A       16%         3
 Swiftness                Air            10%        N/A       16%         3
 Teleport Other           Tloc           10%        N/A       16%         3
 Leda's Liquefaction      Hex/Erth       5%         N/A       47%         4
 Summon Forest            Summ/Tloc      5%         N/A       83%         5
 Dispersal                Tloc           5%         N/A       100%        6


Dungeon Overview and Level Annotations

Branches:
Dungeon (5/15)
 Temple: D:4-7

Altars:

Annotations:
D:5 1 transporter, Zeld's ghost, novice DECj


Message History

Flames lash the orc.
You kill the orc!
You hear a shout! x3
Casting: Scorch (safe; 1% risk of failure)
Confirm with . or Enter, or press ? or * to list all spells.
Flames lash the ogre.
The ogre is severely wounded.
The ogre's fire resistance burns away.
You hear a shout!
The ogre hits you with a +0 giant spiked club!!
Ouch! That really hurt!
Casting: Scorch (safe; 1% risk of failure)
Confirm with . or Enter, or press ? or * to list all spells.
Flames lash the ogre.
The ogre is burned terribly!
You kill the ogre!
A scorpion comes into view.
You have reached level 8!
You feel clever.
Casting: Scorch (safe; 1% risk of failure)
Confirm with . or Enter, or press ? or * to list all spells.
Flames lash the scorpion.
The scorpion is almost dead.
The scorpion's fire resistance burns away.
The scorpion stings you.
* * * LOW HITPOINT WARNING * * *
Casting: Scorch (safe; 1% risk of failure)
Confirm with . or Enter, or press ? or * to list all spells.
Flames lash the worm.
The worm is heavily wounded.
The worm's fire resistance burns away.
An orc comes into view. It is wielding a +0 club.
An orc comes into view. It is wielding a +0 whip.
The scorpion stings you.
* * * LOW HITPOINT WARNING * * *
Casting: Scorch (safe; 1% risk of failure)
Confirm with . or Enter, or press ? or * to list all spells.
Flames lash the worm.
The worm is burned terribly!
The worm is almost dead.
The scorpion stings you!
You die...

..######### .........#
........# .......#
oo....# w....# #s...#
#@...# #....# #....#
#.. #####....#### #..
#........'^.. +..
#.###....###########..
#.# ###### #......#..
#.# #......#..
#.###########......#..


You could see a worm (combustible), a scorpion (combustible) and 2 orcs.

Vanquished Creatures
  Grinder (D:3)
  A sky beast (D:5)
  2 ogres
  A necrophage (D:5)
  A phantom (D:4)
  Blork the orc (D:5)
  A scorpion (D:4)
  2 hounds (D:5)
  An orc priest (D:3)
  A bullfrog skeleton (D:5)
  An iguana (D:3)
  3 gnolls
  A howler monkey skeleton (D:5)
  4 adders
  A worm (D:2)
  4 dart slugs
  9 orcs
  6 ball pythons
  7 endoplasms
  A giant cockroach (D:3)
  7 goblins
  4 hobgoblins
  5 kobolds
  A quokka (D:2)
  6 bats
  2 frilled lizards
  6 rats
80 creatures vanquished.

Vanquished Creatures (others)
  43 foxfires
  5 toadstools (D:1)
48 creatures vanquished.

Grand Total: 128 creatures vanquished

Notes
Turn   | Place    | Note
-------+----------+-------------------------------------------
     0 | D:1      | Zeld the Deep Elf Fire Elementalist began the quest for the
                  | Orb.
     0 | D:1      | Reached XP level 1. HP: 10/10 MP: 6/6
     5 | D:1      | Got Qaacs's Collected Works on Intoxication and Dislocation
   128 | D:1      | Found a faded altar of an unknown god.
   697 | D:1      | Reached XP level 2. HP: 15/15 MP: 6/8
   700 | D:1      | Learned a level 2 spell: Scorch
  1409 | D:2      | Reached XP level 3. HP: 6/19 MP: 0/10
  1622 | D:2      | Learned a level 3 spell: Inner Flame
  1703 | D:2      | Reached skill level 4 in Spellcasting
  2400 | D:3      | Reached XP level 4. HP: 18/24 MP: 4/12
  2405 | D:3      | Learned a level 4 spell: Flame Wave
  2935 | D:3      | Noticed an ogre
  2939 | D:3      | Killed an ogre
  2940 | D:3      | Reached skill level 5 in Spellcasting
  2940 | D:3      | Reached skill level 5 in Fire Magic
  2940 | D:3      | Reached XP level 5. HP: 12/28 MP: 6/14
  3384 | D:3      | Noticed Grinder
  3393 | D:3      | Killed Grinder
  3394 | D:3      | Reached skill level 6 in Spellcasting
  3394 | D:3      | Reached XP level 6. HP: 24/32 MP: 7/17
  3590 | D:3      | You fall into a shaft and drop 2 floors!
  3590 | D:5      | Entered Level 5 of the Dungeon
  3590 | D:5      | Noticed a sky beast
  3611 | D:5      | Killed a sky beast
  3612 | D:5      | Reached XP level 7. HP: 36/36 MP: 6/19
  3668 | D:5      | Reached skill level 7 in Spellcasting
  3673 | D:5      | Identified the +5 falchion "Impslayer" {flame, rElec Int+3}
  3788 | D:5      | Noticed Blork the orc
  3792 | D:5      | Killed Blork the orc
  3820 | D:5      | Noticed Zeld's ghost (novice DECj)
  3821 | D:5      | Found a transporter.
  4015 | D:4      | Reached skill level 8 in Spellcasting
  4027 | D:5      | HP: 1/36 [hound (3)]
  4385 | D:5      | Reached XP level 8. HP: 13/41 MP: 15/22
  4387 | D:5      | Slain by a scorpion

Illustrated notes

Levels and vault maps discovered:
D:1:      ldierk_walled_garden, layout_basic, ebering_ecumenical_altar_hall,
          minmay_door_square
D:2:      minmay_skewed_foursquare, layout_basic
D:3:      layout_loops_ring, serial_glass, glass_columns_b, glass_columns_c,
          wad_orctagon, uniq_grinder
D:4:      layout_basic, minmay_temple_entry_butterflies, minmay_vboxes,
          uniq_edmund
D:5:      layout_basic, gammafunk_ghost_arena, uniq_blork_the_orc

Skill      XL: |  1  2  3  4  5  6  7 |
---------------+----------------------+-----
Spellcasting   | 4 5 6 8 |  8.3
Fire Magic     | 4 5 6 7 |  7.3
Conjurations   | 2 3 4 |  4.5
Dodging        | |  2.4
Stealth        | |  2.4

Action                   |  1- 3 |  4- 6 |  7- 9 || total
-------------------------+-------+-------+-------++-------
Melee: Unarmed           |    15 |     2 |       ||    17
       Punch             |     1 |       |       ||     1
       Falchion          |       |       |     1 ||     1
 Cast: Foxfire           |    34 |     2 |     1 ||    37
       Scorch            |    34 |    37 |    33 ||   104
Armor: Robe              |    10 |       |     4 ||    14
Dodge: Dodged            |    27 |     4 |    19 ||    50
